 Dungeon Sprint DCSS version 0.26-a0-180-ge96aa7da28 (webtiles) character file.

Game seed: 4215139873391953267

53 Apogee the Skirmisher (level 3, -1/36 HPs)
             Began as a Hill Orc Fighter on July 3, 2020.
             Was a Priest of Lugonu.
             Killed from afar by a starcursed mass (6 damage)
             ... with an accursed screaming
             ... in the Dungeon (Sprint V: "Ziggurat Sprint").
             The game lasted 00:01:44 (93 turns).

Apogee the Skirmisher (Hill Orc Fighter)              Turns: 93, Time: 00:01:45

Health: -1/36      AC: 22    Str: 31    XL:     3   Next: 87%
Magic:  3/3        EV: -1    Int:  8    God:    Lugonu [***...]
Gold:   0          SH: 29    Dex: 10    Spells: 2/2 levels left

rFire    . . .     SeeInvis +   v - +14 obsidian axe {vorpal, +Fly SInv *Curse} (curse)
rCold    . . .     Faith    .   u - +18 shield of the Gong {rElec rN+ MR+ EV-5}
rNeg     + . .     Spirit   .   l - +5 crystal plate armour
rPois    .         Reflect  .   (no helmet)
rElec    +         Harm     .   (no cloak)
rCorr    .         NoTele   +   (no gloves)
MR       +....                  (no boots)
Stlth    ..........             (no amulet)
HPRegen  0.12/turn              L - +6 ring of strength
MPRegen  0.08/turn              M - +6 ring of strength

@: mesmerised
A: no striking features
a: Bend Space, Banish, Renounce Religion, Evoke Flight


You were in the Dungeon.
You worshipped Lugonu.
Lugonu was most pleased with you.
You were not hungry.

You visited 1 branch

Inventory:

Hand Weapons
 a - a +0 war axe
 p - a +5 broad axe
 q - the +6 Majin-Bo {vamp, Archmagi MP+6 Int+6}
   (You found it in the Dungeon)

   It inflicts no extra harm, but heals its wielder when it wounds a living foe.
   It affects your intelligence (+6).
   It affects your magic capacity (+6).
 r - the +9 heavy crossbow "Sniper" {vorpal, Acc+∞ SInv}
   (You found it in the Dungeon)

   Any bolt fired from it inflicts extra damage.
   It lets you see invisible.
 s - the +10 dark maul {vorpal}
   (You found it in the Dungeon)

   It inflicts extra damage upon your enemies.
 v - the cursed +14 obsidian axe (weapon) {vorpal, +Fly SInv *Curse}
   (You found it in the Dungeon)

   It inflicts extra damage upon your enemies.
   It lets you see invisible.
   It lets you fly.
   It curses itself when equipped.
   It has a curse placed upon it.
 w - the +7 great mace "Firestarter" {inner flame, rF++}
   (You found it in the Dungeon)

   It has been specially enchanted to burn those struck by it, causing extra
   injury to most foes and up to half again as much damage against particularly
   susceptible opponents.
   It greatly protects you from fire.
 x - the +6 shillelagh "Devastator" {shatter}
   (You found it in the Dungeon)
 y - the +11 plutonium sword {*Contam Stlth-}
   (You found it in the Dungeon)

   It causes magical contamination when unequipped.
   It makes you less stealthy.
 z - the +8 lance "Wyrmbane" {slay drac, rPois rF+ rC+ AC+3}
   (You found it in the Dungeon)

   It affects your AC (+3).
   It protects you from fire.
   It protects you from cold.
   It protects you from poison.
 A - the +9 sword of Zonguldrok {reap}
   (You found it in the Dungeon)

   If a monster killed with it leaves a corpse in good enough shape, the corpse
   will be animated as a zombie friendly to the killer.
 B - the cursed +13 scythe of Curses {drain, *Curse}
   (You found it in the Dungeon)

   A truly terrible weapon, it drains the life of those it strikes.
   It curses itself when equipped.
   It has a curse placed upon it.
 C - the +0 sword of Power
   (You found it in the Dungeon)
 D - the +7 mace of Variability {chain chaos}
   (You found it in the Dungeon)

   Each time it hits an enemy it has a different, random effect.
 E - the +7 Singing Sword {vorpal, sonic wave}
   (You found it in the Dungeon)

   It inflicts extra damage upon your enemies.
 F - the +8 storm bow {elec, penet}
   (You found it in the Dungeon)

   It charges the ammunition it shoots with electricity; occasionally upon a
   hit, such missiles may discharge and cause terrible harm.
   Ammo fired by it will pass through the targets it hits, potentially hitting
   all targets in its path until it reaches maximum range.
 Q - the +3 hand axe "Nufer" {vorpal, *Contam Str+4 Int+3}
   (You found it in the Dungeon)

   It inflicts extra damage upon your enemies.
   It affects your strength (+4).
   It affects your intelligence (+3).
   It causes magical contamination when unequipped.
Armour
 b - a +0 scale mail
 c - a +0 kite shield
 l - a +5 crystal plate armour (worn)
 m - a +3 buckler
 n - a +3 kite shield
 o - a +3 tower shield
 t - the +15 Maxwell's patent armour {-Cast -Tele rElec MR+ rCorr}
   (You found it in the Dungeon)

   It insulates you from electricity.
   It affects your resistance to hostile enchantments.
   It prevents spellcasting.
   It prevents most forms of teleportation.
   It provides partial protection from all sources of acid and corrosion.
 u - the +18 shield of the Gong (worn) {rElec rN+ MR+ EV-5}
   (You found it in the Dungeon)

   It affects your evasion (-5).
   It insulates you from electricity.
   It protects you from negative energy.
   It affects your resistance to hostile enchantments.
Jewellery
 G - an uncursed ring of flight
 H - a +6 ring of dexterity
 I - a +6 ring of dexterity
 J - a +6 ring of intelligence
 K - a +6 ring of intelligence
 L - a +6 ring of strength (left hand)
 M - a +6 ring of strength (right hand)
Wands
 N - a wand of disintegration (7)
 O - a wand of iceblast (7)
 P - a wand of acid (7)
Scrolls
 k - a scroll of blinking {!r}
Potions
 d - a potion of might
 e - a potion of curing
 g - a potion of heal wounds
 h - a potion of haste
 i - 2 potions of magic
 j - a potion of berserk rage {!q}
Comestibles
 f - a ration


   Skills:
 + Level 5.6 Fighting
 + Level 5.3 Axes
 + Level 5.1 Armour
 + Level 5.1 Shields


You had 2 spell levels left.
You didn't know any spells.
Your spell library was empty.

Dungeon Overview and Level Annotations

Branches:
Dungeon (1/1)

Altars:
Ashenzari
Cheibriados
Dithmenos
Elyvilon
Fedhas
Gozag
Hepliaklqana
Kikubaaqudgha
Makhleb
Nemelex Xobeh
Okawaru
Qazlal
Ru
Sif Muna
Trog
Uskayaw
Vehumet
Wu Jian
Xom
Yredelemnul
Zin
The Shining One
Beogh
Jiyva
Lugonu

Annotations:
D 1 transporter


Message History

The crimson imp is moderately wounded.
You block the crimson imp's attack.
GONNNNG!
A starcursed mass splits.
Your hellwing hits the starcursed mass.
The starcursed mass shudders and is absorbed by its neighbour.
Your soul eater hits the starcursed mass.
The starcursed mass shudders and is absorbed by its neighbour.
You block the crimson imp's attack.
GONNNNG!
The starcursed mass engulfs you!
* * * LOW HITPOINT WARNING * * *
You hit the starcursed mass but do no damage.
The starcursed mass is heavily damaged.
You hit the crimson imp.
Visions of slaying the starcursed mass flood into your mind.
You block the crimson imp's attack.
BOUMMMMG!
A starcursed mass splits.
A chorus of shrieks assaults your mind.
You die...

▓▓▓▓▓▓▓▓▓▓▓▓▓▓▓▓▓▓▓
▓.8©8.▓.8©8.▓.8©8.▓
▓.}}X.▓.)[}.▓.....▓
▓.3XX.▓.....▓.[...▓
▓..@4.▓.....▓.....▓
▓..5..▓.....▓.....▓
▓.....▓.....▓..©..▓
▓..©..▓..©..▓▓▓▓▓▓▓
▓▓▓▓▓▓▓▓▓▓▓▓▓


You could see 3 starcursed masses, a crimson imp, a friendly soul eater
(summoned) and a friendly hellwing (summoned).

Vanquished Creatures
  An iron imp (D)
  2 shadow imps (D)
  A white imp (D)
  A bat skeleton (D)
  A ball python skeleton (D)
  A giant cockroach zombie (D)
7 creatures vanquished.

Notes
Turn   | Place    | Note
-------+----------+-------------------------------------------
     0 | D        | Apogee the Hill Orc Fighter began the quest for the Orb.
     0 | D        | Reached XP level 1. HP: 19/19 MP: 1/1
     3 | D        | Found a blossoming altar of Fedhas.
     4 | D        | Found the +6 Majin-Bo {vamp, Archmagi MP+6 Int+6}
     4 | D        | Found the +7 great mace "Firestarter" {inner flame, rF++}
     5 | D        | Found a viscous altar of Jiyva.
     5 | D        | Found a hazy altar of Hepliaklqana.
     5 | D        | Found a transporter.
     5 | D        | Found an opulent altar of Gozag.
     5 | D        | Found an ancient bone altar of Kikubaaqudgha.
     5 | D        | Found a corrupted altar of Lugonu.
     9 | D        | Found a burning altar of Makhleb.
    10 | D        | Found an iron altar of Okawaru.
    10 | D        | Found a stormy altar of Qazlal.
    10 | D        | Found a sparkling altar of Nemelex Xobeh.
    10 | D        | Found a sacrificial altar of Ru.
    10 | D        | Found a shimmering blue altar of Sif Muna.
    14 | D        | Found the +9 heavy crossbow "Sniper" {vorpal, Acc+∞ SInv}
    14 | D        | Found the +10 dark maul {vorpal}
    14 | D        | Found the +15 Maxwell's patent armour {-Cast -Tele rElec
                  | MR+ rCorr}
    14 | D        | Found the +18 shield of the Gong {rElec rN+ MR+ EV-5}
    14 | D        | Found the cursed +14 obsidian axe {vorpal, +Fly SInv
                  | *Curse}
    18 | D        | Found the +6 shillelagh "Devastator" {shatter}
    18 | D        | Found the +11 plutonium sword {*Contam Stlth-}
    18 | D        | Found the +8 lance "Wyrmbane" {slay drac, rPois rF+ rC+
                  | AC+3}
    18 | D        | Found the +9 sword of Zonguldrok {reap}
    18 | D        | Found the cursed +13 scythe of Curses {drain, *Curse}
    18 | D        | Found the +0 sword of Power
    18 | D        | Found the +7 mace of Variability {chain chaos}
    18 | D        | Found the +7 Singing Sword {vorpal, sonic wave}
    18 | D        | Found the +8 storm bow {elec, penet}
    21 | D        | Found a bloodstained altar of Trog.
    58 | D        | Became a worshipper of Lugonu the Unformed
    58 | D        | Reached * piety under Lugonu
    63 | D        | Entered arena 2.
    63 | D        | Found a transporter.
    69 | D        | Got the +3 hand axe "Nufer" {vorpal, *Contam Str+4 Int+3}
    72 | D        | Entered arena 3.
    72 | D        | Found a transporter.
    75 | D        | Reached ** piety under Lugonu
    75 | D        | Reached XP level 2. HP: 28/28 MP: 2/2
    81 | D        | Entered arena 4.
    81 | D        | Noticed a crimson imp
    81 | D        | Noticed a starcursed mass
    81 | D        | Found a transporter.
    84 | D        | Reached *** piety under Lugonu
    84 | D        | Reached skill level 5 in Fighting
    84 | D        | Reached XP level 3. HP: 30/36 MP: 3/3
    91 | D        | Reached skill level 5 in Axes
    91 | D        | Reached skill level 5 in Armour
    91 | D        | Reached skill level 5 in Shields
    93 | D        | Killed from afar by a starcursed mass

Illustrated notes

Levels and vault maps discovered:
D:        sprint_v [room_start, room_1, room_2, room_3, room_4, room_5, room_6,
          room_7, room_8, room_9, room_10, room_11, room_12, room_13, room_14,
          room_15, room_16, room_17, room_18, room_19, room_20, room_21,
          room_22, room_23, room_24, room_25, room_26, room_27]

Skill      XL: |  1  2  3 |
---------------+----------+-----
Axes           | 3 4 5 |  5.3
Fighting       | 4 5 |  5.6
Armour         | 4 5 |  5.1
Shields        | 4 5 |  5.1

Action                   || total
-------------------------++-------
Melee: Broad axe         ||    13
Armor: Crystal plate arm ||     4
Block: Kite shield       ||    18

Table legend:
 A = Non-vault XP
 B = Vault XP
 C = Vault XP percentage of total XP
 D = Non-vault monster count
 E = Vault monster count
 F = Vault count percentage of total count
                 A         B        C        D         E       F
            +---------+---------+-------+---------+---------+-------
      Total |       0 |      76 | 100.0 |       0 |       7 | 100.0
            +---------+---------+-------+---------+---------+-------
          D |       0 |      76 | 100.0 |       0 |       7 | 100.0
            +---------+---------+-------+---------+---------+-------
